 Dungeon Crawl Stone Soup version 0.29.1-1-gd02db6906a (webtiles) character file.

Game seed: 7047448132959174842

1856 brightshaft the Skirmisher (level 8, -18/40 HPs)
             Began as a Spriggan Hunter on Sept 18, 2022.
             Killed by an exploding killer bee (32 damage)
             ... ignited by their inner flame
             ... on level 7 of the Dungeon.
             The game lasted 00:12:08 (6217 turns).

brightshaft the Skirmisher (Spriggan Hunter)        Turns: 6217, Time: 00:12:08

Health: -18/40     AC:  6    Str:  7    XL:     8   Next: 89%
Magic:  9/9        EV: 20    Int: 10    God:
Gold:   302        SH:  0    Dex: 21    Spells: 7/7 levels left

rFire   . . .      SeeInvis +   a - +2 shortbow
rCold   . . .      Faith    .   (shield currently unavailable)
rNeg    + . .      Spirit   .   c - +1 robe
rPois   .          Reflect  .   q - +2 hat
rElec   .          Harm     .   D - +0 cloak
rCorr   .          Rampage  .   (gloves unavailable)
Will    +....                   (boots unavailable)
Stlth   +++.......              (no amulet)
HPRegen 0.13/turn               h - ring of positive energy
MPRegen 0.11/turn               (no ring)

@: very quick
A: very small, no large weapons, unfitting armour, see invisible, speed 3
a: no special abilities


You were on level 7 of the Dungeon.
You visited 1 branch of the dungeon, and saw 7 of its levels.

You collected 302 gold pieces.

Inventory:

Hand Weapons
 a - a +2 shortbow (weapon)
 b - a +2 vampiric rapier
 d - a +0 short sword
Missiles
 g - 19 poisoned darts
 l - 5 atropa-tipped darts
 u - 7 boomerangs
 y - 4 curare-tipped darts
 E - a throwing net
Armour
 c - a +1 robe (worn)
 q - a +2 hat (worn)
 D - a +0 cloak (worn)
Jewellery
 h - a ring of positive energy (left hand)
 v - the ring "Gual" {Ice Str+4}
   (You found it on level 6 of the Dungeon)

   [ring of ice]

   It enhances your ice magic.
   Str:       It affects your strength (+4).
   rF:        It makes you vulnerable to fire.
   rC:        It protects you from cold.
 x - a ring of magical power
Wands
 t - a wand of roots (4)
Scrolls
 e - 6 scrolls of teleportation
 k - a scroll of vulnerability
 n - 3 scrolls of identify
 r - a scroll of immolation
 s - a scroll of summoning
 z - a scroll of enchant weapon
 A - a scroll of amnesia {unknown}
 B - a scroll of blinking
Potions
 f - 2 potions of curing
 i - a potion of lignification {unknown}
 j - a potion of magic {unknown}
 m - a potion of ambrosia {unknown}
 o - a potion of degeneration {unknown}
 p - 3 potions of attraction
 w - 2 potions of flight {unknown}
 C - a potion of berserk rage {unknown}


   Skills:
 + Level 3.3 Fighting
 * Level 10.5 Ranged Weapons
 + Level 5.2 Dodging
 + Level 5.5 Stealth
 + Level 1.7 Transmutations


You had 7 spell levels left.
You didn't know any spells.
Your spell library contained the following spells:

 Spells                   Type           Power      Damage    Failure   Level
 Beastly Appendage        Tmut           6%         N/A       19%         1
 Sting                    Tmut/Pois      4%         1d3       26%         1
 Wereblood                Tmut           3%         N/A       28%         2
 Poisonous Vapours        Pois/Air       0%         N/A       50%         2
 Spider Form              Tmut/Pois      1%         N/A       63%         3
 Ignite Poison            Fire/Tmut/Pois 1%         N/A       65%         3
 Conjure Flame            Conj/Fire      0%         6-21      75%         3
 Olgreb's Toxic Radiance  Pois           0%         N/A       98%         4
 Passage of Golubria      Tloc           0%         N/A       98%         4
 Sticky Flame             Conj/Fire      0%         2d3       98%         4
 Silence                  Hex/Air        0%         N/A       100%        5
 Lehudib's Crystal Spear  Conj/Erth      0%         10d2      100%        8


Dungeon Overview and Level Annotations

Branches:
Dungeon (7/15)
 Temple: D:4-7

Altars:
Okawaru
Sif Muna
Yredelemnul

Shops:
D:1 =   D:5 =

Annotations:
D:7 Maggie


Innate Abilities, Weirdness & Mutations

You are very small and have problems with some larger weapons.
You are too small for most types of armour.
You have supernaturally acute eyesight. (SInv)
You cover ground extremely quickly. (Speed+++)


Message History

As you read the scroll of immolation, it crumbles to dust.
The creatures around you are filled with an inner flame!
The killer bee stings you!
* * * LOW HITPOINT WARNING * * *
The killer bee misses you.
The white imp hits you but does no damage.
The killer bee stings you.
* * * LOW HITPOINT WARNING * * *
The killer bee closely misses you. The killer bee closely misses you.
The white imp gestures at you. The puff of frost hits you.
* * * LOW HITPOINT WARNING * * *
You break out of your daze!
You see here a killer bee corpse.
The killer bee attacks as you move away!
The killer bee closely misses you.
The killer bee attacks as you move away!
The killer bee stings you but does no damage.
A scorpion comes into view.
You feel better.
Found 11 gold pieces.
You are too injured to fight recklessly!
You are too injured to fight recklessly!
You are too injured to fight recklessly!
You are too injured to fight recklessly!
Fire: a) +2 shortbow
Press: ? - help, Q - select action, (/) - cycle Shift-Dir - straight line, f - killer bee
Aim: a killer bee (inner flame, 48% to hit)
You shoot an arrow. The arrow hits the killer bee!
Flame seeps out of the killer bee.
The killer bee is heavily wounded.
The killer bee is engulfed in blazing flames.
Flame seeps out of the killer bee.
The killer bee misses you.
The killer bee is engulfed in blazing flames.
The killer bee explodes!
The fiery explosion engulfs the killer bee!!!
The fiery explosion engulfs you!!
Ouch! That really hurt!
You die...

### # ###.##.##?#
.#..@.......
#####.#.#5#..##.#
#.......#.# .#
#.<#. #○# # #.@#
#@# #..# #.# #..#
#.# #..# #s# #..#
#.# #..# #.# #..#
#.# $.#


You could see Maggie (inner flame), a scorpion and a white imp (inner flame).

Vanquished Creatures
  Grinder (D:5)
  Eustachio (D:5)
  Edmund (D:6)
  A sky beast (D:6)
  2 ogres
  A necrophage (D:5)
  4 bullfrogs
  2 scorpions (D:4)
  3 killer bees (D:7)
  2 hounds
  Crazy Yiuf (D:6)
  3 orc priests (D:6)
  A gnoll bouda (D:6)
  2 orc wizards
  Natasha (thrice) (D:3)
  2 iguanas (D:5)
  4 gnolls (D:6)
  8 adders
  3 river rats (D:6)
  A white imp (D:5)
  An ufetubus (D:5)
  2 worms
  A dart slug (D:2)
  19 orcs
  3 endoplasms
  3 giant cockroaches
  5 goblins
  13 hobgoblins
  11 jackals
  6 kobolds
  3 quokkas (D:1)
  9 ball pythons
  6 bats
  A frilled lizard (D:1)
  6 rats
135 creatures vanquished.

Vanquished Creatures (others)
  A plant (D:4)
1 creature vanquished.

Grand Total: 136 creatures vanquished

Notes
Turn   | Place    | Note
-------+----------+-------------------------------------------
     0 | D:1      | brightshaft the Spriggan Hunter began the quest for the
                  | Orb.
     0 | D:1      | Reached XP level 1. HP: 10/10 MP: 2/2
   239 | D:1      | Reached XP level 2. HP: 14/14 MP: 3/3
   246 | D:1      | Found Icvidwea's Jewellery Shoppe.
   647 | D:1      | Reached skill level 5 in Ranged Weapons
   889 | D:2      | Found a faded altar of an unknown god.
   910 | D:2      | Reached XP level 3. HP: 16/18 MP: 4/4
  1543 | D:3      | Noticed Natasha
  1550 | D:3      | Killed Natasha
  1551 | D:3      | Reached XP level 4. HP: 13/22 MP: 5/5
  1738 | D:3      | Noticed Natasha
  1744 | D:3      | Killed Natasha
  1745 | D:3      | Reached skill level 6 in Ranged Weapons
  2173 | D:3      | Noticed Natasha
  2175 | D:3      | Killed Natasha
  2176 | D:3      | Reached XP level 5. HP: 25/25 MP: 6/6
  2685 | D:4      | Reached skill level 7 in Ranged Weapons
  2753 | D:4      | Reached XP level 6. HP: 30/30 MP: 7/7
  3362 | D:5      | Entered Level 5 of the Dungeon
  3370 | D:5      | Noticed Eustachio
  3379 | D:5      | Killed Eustachio
  3380 | D:5      | Reached skill level 8 in Ranged Weapons
  3538 | D:5      | Reached XP level 7. HP: 24/33 MP: 8/8
  3651 | D:5      | Noticed Grinder
  3662 | D:5      | Killed Grinder
  3663 | D:5      | Reached skill level 9 in Ranged Weapons
  4130 | D:5      | Reached XP level 8. HP: 39/39 MP: 9/9
  4138 | D:5      | Found Ruoruun's Jewellery Emporium.
  4430 | D:6      | Noticed Edmund
  4962 | D:6      | Found a basalt altar of Yredelemnul.
  4969 | D:6      | Found an iron altar of Okawaru.
  5014 | D:6      | Reached skill level 10 in Ranged Weapons
  5152 | D:6      | Identified the ring "Gual" {Ice Str+4}
  5251 | D:6      | Reached skill level 5 in Stealth
  5258 | D:6      | Killed Edmund
  5259 | D:6      | Reached skill level 1 in Transmutations
  5292 | D:6      | Reached skill level 5 in Dodging
  5426 | D:6      | Found a shimmering blue altar of Sif Muna.
  5885 | D:6      | Found a runed translucent door.
  5886 | D:6      | Noticed Crazy Yiuf
  6109 | D:6      | Killed Crazy Yiuf
  6151 | D:7      | Noticed Maggie
  6217 | D:7      | Killed by an exploding killer bee... ignited by their inner
                  | flame

Illustrated notes

Levels and vault maps discovered:
D:1:      kennysheep_arrival_forest, layout_rooms, serial_forest,
          infiniplex_forest_lined_room_2, infiniplex_forest_straight_2,
          infiniplex_forest_clump_diagonal, infiniplex_forest_clump_small,
          infiniplex_forest_clump_small, infiniplex_forest_clump_small,
          infiniplex_forest_lined_room_2, serial_shops,
          nicolae_shop_hallway_stairs, amethyst_killhole, minmay_parallelograms,
          minmay_heptomino_h4
D:2:      layout_basic, shapermc_ecumenical_altar_starsandcircs, serial_forest,
          infiniplex_forest_clump_long, infiniplex_forest_clump_medium,
          infiniplex_forest_clump_small, infiniplex_forest_straight_4,
          infiniplex_forest_end_3, infiniplex_forest_lined_4_way,
          infiniplex_forest_zigzag_2, infiniplex_forest_straight_2
D:3:      layout_loops_ring, minmay_fractal_squares_5, uniq_natasha
D:4:      layout_basic, guppyfry_early_lair_pool
D:5:      layout_cave_pools, nicolae_inconvenience_store, uniq_grinder,
          uniq_eustachio
D:6:      layout_basic, amethyst_overflow_temple_binary,
          mainiacjoe_overflow_small_starburst, portal_sewer_entry_e,
          uniq_edmund, uniq_crazy_yiuf_cottage
D:7:      layout_basic, nicolae_qazlal_eye_of_the_storm,
          minmay_temple_entry_water_ring, kennysheep_generic_room_9, uniq_maggie

Skill      XL: |  1  2  3  4  5  6  7  8 |
---------------+-------------------------+-----
Ranged Weapons | 5 6 7 8 9 10 | 10.5
Dodging        | 3 5 |  5.2
Stealth        | 3 5 |  5.5
Fighting       | 2 3 |  3.3
Transmutations | 1 |  1.7

Action                   |  1- 3 |  4- 6 |  7- 9 || total
-------------------------+-------+-------+-------++-------
 Fire: Shortbow          |   100 |   132 |   216 ||   448
Throw: Dart              |       |       |     5 ||     5
       Throwing net      |       |       |     2 ||     2
  Use: Scroll            |     6 |     4 |     7 ||    17
       Potion            |       |       |     3 ||     3
Armor: Robe              |     2 |     7 |    26 ||    35
Dodge: Dodged            |    37 |    47 |   122 ||   206
